 Dungeon Crawl Stone Soup version 0.28.0-45-g0d030f2227 (webtiles) character file.

Game seed: 18406004260153726716

5 Descartes the Grasshopper (level 1, 0/9 HPs)
             Began as a Felid Warper on Apr 7, 2022.
             Slain by a kobold
             ... wielding a +0 dagger
              (3 damage)
             ... on level 1 of the Dungeon.
             The game lasted 00:00:21 (456 turns).

Descartes the Grasshopper (Felid Warper)             Turns: 456, Time: 00:00:21

Health: 0/9        AC:  1    Str:  7    XL:     1   Next: 66%
Magic:  4/4        EV: 17    Int: 14    God:
Gold:   11         SH:  0    Dex: 15    Spells: 4/4 levels left
                                        Lives:  0   Deaths: 0

rFire   . . .      SeeInvis +     - Unarmed
rCold   . . .      Faith    .   (shield unavailable)
rNeg    . . .      Spirit   .   (armour unavailable)
rPois   .          Reflect  .   (helmet unavailable)
rElec   .          Harm     .   (cloak unavailable)
rCorr   .          Rampage  .   (gloves unavailable)
Will    .....                   (boots unavailable)
Stlth   ++........              (no amulet)
HPRegen 0.03/turn               (no ring)
MPRegen 0.09/turn               (no ring)

@: quick
A: very small, claws 1, fangs 3, see invisible, speed 1, shaggy fur 1, stealthy
paws, no weapons or thrown items, no armour, multi-lived
a: no special abilities


You were on level 1 of the Dungeon.
You visited 1 branch of the dungeon, and saw 1 of its levels.

You collected 11 gold pieces.

Inventory:

Scrolls
 a - a scroll of blinking
 b - a scroll of silence {unknown}


   Skills:
 - Level 2.0 Fighting
 + Level 3.3 Dodging
 + Level 0.8 Stealth
 + Level 2.1 Unarmed Combat
 - Level 2.0 Spellcasting
 + Level 4.5 Translocations


You had 4 spell levels left.
You didn't know any spells.
Your spell library contained the following spells:

 Spells                   Type           Power      Damage    Failure   Level
 Blink                    Tloc           28%        N/A       5%          2
 Gell's Gravitas          Tloc           14%        N/A       11%         3
 Lesser Beckoning         Tloc           14%        N/A       11%         3
 Teleport Other           Tloc           14%        N/A       11%         3
 Manifold Assault         Tloc           14%        N/A       71%         5


Dungeon Overview and Level Annotations

Branches:
Dungeon (1/15)

Altars:


Innate Abilities, Weirdness & Mutations

You have sharp claws.
You have razor-sharp teeth.
You have supernaturally acute eyesight. (SInv)
You cover ground quickly. (Speed+)
You are covered in fur. (AC +1)
Your paws help you pounce on unaware monsters.
You are incapable of wielding weapons or throwing items.
You cannot wear armour.
You gain extra lives every three experience levels.


Message History

The helpless bat fails to defend itself.
You claw the bat!
You kill the bat!
The kobold shouts!
The kobold throws a stone.
The stone closely misses you.
You see here a bat corpse.
The kobold barely misses you.
You closely miss the kobold. The kobold hits you with a +0 dagger.
You scratch the kobold.
You kill the kobold!
No target in view!
No target in view!
No target in view!
A kobold comes into view. It is wielding a +0 short sword.
A kobold is nearby!
Things that are here:
a +0 dagger; a stone Unknown command.
The kobold shouts!
A kobold comes into view. It is wielding a +0 dagger.
You closely miss the kobold. The kobold barely misses you.
You barely miss the kobold. The kobold barely misses you.
You scratch the kobold.
The kobold is severely wounded.
The kobold closely misses you.
Unknown command.
The kobold shouts!
You scratch the kobold.
You kill the kobold!
Found an escape hatch in the floor.
You closely miss the kobold. The kobold hits you with a +0 dagger.
You are too injured to fight recklessly!
You are too injured to fight recklessly!
You scratch the kobold. Your bite misses the kobold.
The kobold is severely wounded.
The kobold closely misses you.
You closely miss the kobold.
The kobold is severely wounded.
The kobold hits you with a +0 dagger.
You die...

#........#
########.# #.# #.#
#†# ##.###.#
#......#
##########).###.#
#.....K@....###.##
#.######..........
##.)##.#...
#...>... #
#...#.#... #...#
.... #...# .##
#...# # #...#


You could see a kobold.

Vanquished Creatures
  A ball python (D:1)
  An endoplasm (D:1)
  A bat (D:1)
  A frilled lizard (D:1)
  2 kobolds (D:1)
6 creatures vanquished.

Notes
Turn   | Place    | Note
-------+----------+-------------------------------------------
     0 | D:1      | Descartes the Felid Warper began the quest for the Orb.
     0 | D:1      | Reached XP level 1. HP: 9/9 MP: 4/4
   456 | D:1      | Slain by a kobold

Illustrated notes

Levels and vault maps discovered:
D:1:      dpeg_arrival_radiant, layout_loops_ring, nicolae_figureground_sparkle

Action                   || total
-------------------------++-------
Melee: Unarmed           ||    20
       Bite              ||     1
 Stab: Sleeping          ||     1
Dodge: Dodged            ||    16
